Map: [ESL] Goldenaura

Players

MaxPax - Winner!

  • Race: Protoss Protoss
  • Spawn Location: 5:00

Krystianer

  • Race: Protoss Protoss
  • Spawn Location: 12:00

Event: ESL SC2 Masters 2023 Winter (Regional)

VOD

Have the link to the VOD?

Description

Time

  • Played on: Nov. 17, 2023, 10 a.m.
  • Length: 15:16

All games in this series

Show
View Real Time Build Order
Export as new Build Order

MaxPax Protoss - Winner!

Build Orders: Oracle Opening 

Get SALT Encoding   

  12  0:00  Probe  
  13  0:12  Probe  
  14  0:17  Pylon  
  14  0:24  Probe (Chrono Boost)  
  15  0:36  Probe (Chrono Boost)  
  15  0:37  Gateway  
  16  0:44  Probe (Chrono Boost)  
  16  0:45  Assimilator  
  17  0:50  Probe  
  17  0:55  Assimilator  
  18  1:03  Probe (Chrono Boost)  
  19  1:06  Pylon  
  19  1:14  Probe (Chrono Boost)  
  20  1:18  Probe (Chrono Boost)  
  20  1:23  Cybernetics Core  
  21  1:29  Probe  
  22  1:33  Zealot  
  24  1:41  Probe  
  25  1:53  Probe  
  26  2:00  Stargate, Stalker  
  28  2:09  Warp Gate  
  28  2:27  Nexus  
  28  2:33  Pylon  
  28  2:42  Oracle (Chrono Boost)  
  31  2:53  Probe  
  31  2:54  Shield Battery  
  32  3:05  Probe  
  33  3:12  Gateway  
  33  3:17  Probe  
  38  3:29  Probe  
  39  3:35  Oracle (Chrono Boost)  
  39  3:39  Twilight Council, Probe (Chrono Boost)  
  39  3:47  Probe (Chrono Boost)  
  41  3:50  Probe (Chrono Boost)  
  41  3:55  Probe x2 (Chrono Boost)  
  42  3:57  Stalker  
  45  4:05  Probe x2  
  45  4:07  Blink (Chrono Boost)  
  45  4:08  Stalker  
  49  4:17  Probe  
  49  4:20  Probe  
  51  4:29  Probe  
  51  4:30  Pylon  
  52  4:32  Probe  
  53  4:38  Pylon  
  53  4:41  Probe  
  54  4:46  Gateway  
  54  4:50  Gateway  
  54  4:51  Stalker  
  54  4:52  Stalker  
  58  4:54  Pylon  
  58  5:04  Assimilator  
  57  5:08  Nexus  
  57  5:14  Probe x2  
  57  5:16  Stalker  
  57  5:19  Stalker  
  61  5:26  Probe  
  61  5:28  Shield Battery, Probe  
  63  5:38  Probe  
  63  5:40  Pylon  
  63  5:41  Probe  
  65  5:46  Stalker x3  
  71  5:52  Probe  
  71  5:53  Forge  
  71  5:56  Probe  
  73  6:01  Stalker  
  75  6:04  Probe  
  75  6:09  Robotics Facility  
  75  6:10  Probe  
  77  6:15  Stalker x2  
  77  6:17  Protoss Ground Weapons Level 1 (Chrono Boost), Stalker  
  83  6:20  Probe  
  83  6:23  Probe  
  83  6:25  Probe  
  86  6:29  Stalker  
  86  6:32  Probe  
  89  6:37  Probe  
  89  6:38  Probe  
  88  6:44  Probe  
  89  6:49  Probe  
  89  6:50  Stalker x3  
  89  6:51  Probe  
  89  6:54  Stalker  
  97  6:56  Probe  
  97  6:58  Observer  
  97  7:01  Probe  
  100  7:03  Probe  
  101  7:10  Pylon  
  101  7:16  Gateway  
  101  7:18  Gateway  
  101  7:21  Pylon  
  101  7:28  Probe x2  
  103  7:30  Stalker x3  
  103  7:35  Nexus  
  109  7:37  Pylon  
  109  7:41  Charge  
  109  7:44  Dark Shrine  
  109  7:45  Gateway, Pylon  
  109  7:48  Gateway  
  109  7:53  Shield Battery  
  109  7:54  Photon Cannon  
  109  7:56  Adept x2  
  109  7:58  Observer  
  113  8:00  Protoss Ground Weapons Level 2 (Chrono Boost)  
  113  8:01  Probe x3  
  113  8:04  Zealot x2  
  120  8:13  Probe  
  120  8:14  Probe  
  120  8:16  Zealot x2  
  126  8:23  Observer (Chrono Boost)  
  126  8:24  Zealot x3  
  126  8:26  Probe  
  133  8:29  Photon Cannon  
  133  8:31  Pylon  
  133  8:43  Warp Prism (Chrono Boost)  
  133  8:47  Probe x2  
  137  8:50  Probe  
  137  8:51  Probe  
  139  8:59  Probe x2  
  141  9:03  Zealot x2  
  141  9:04  Zealot x3, Probe  
  141  9:06  Zealot x2  
  156  9:12  Pylon  
  156  9:15  Photon Cannon, Assimilator x2  
  156  9:16  Shield Battery  
  156  9:18  Pylon, Probe  
  156  9:22  Shadow Stride  
  155  9:24  Pylon  
  155  9:29  Pylon  
  155  9:33  Pylon  
  155  9:34  Dark Templar  
  155  9:36  Pylon  
  155  9:37  Dark Templar x3  
  163  9:45  Zealot  
  161  9:53  Zealot x3  
  167  10:01  Gateway  
  167  10:03  Gateway  
  165  10:13  Probe  
  158  10:20  Warp Prism (Chrono Boost)  
  148  10:21  Protoss Ground Weapons Level 3 (Chrono Boost)  
  148  10:22  Stalker x4  
  148  10:23  Stalker x4  
  148  10:25  Probe  
  147  10:39  Gateway  
  145  10:42  Gateway  
  145  10:47  Pylon  
  145  10:49  Nexus  
  145  10:54  Dark Templar x3  
  145  10:55  Zealot x6  
  154  11:07  Zealot  
  153  11:11  Probe x2  
  153  11:17  Pylon  
  154  11:18  Zealot x5  
  154  11:19  Zealot  
  160  11:29  Nexus  
  160  11:30  Stalker x4  
  168  11:39  Stalker x8  
  180  11:41  Probe x3  
  180  11:42  Pylon, Probe  
  182  11:54  Probe  
  169  11:55  Zealot x4  
  171  12:07  Nexus  
  164  12:16  Dark Templar x4  
  164  12:18  Zealot x4  
  164  12:21  Probe  
  181  12:37  Stalker x3  
  181  12:38  Stalker  
  187  12:45  Pylon  
  187  12:46  Pylon  
  179  12:59  Dark Templar x3  
  179  13:00  Nexus  
  184  13:16  Shield Battery, Stalker x6  
  184  13:19  Zealot x2  
  186  13:31  Stalker x4  
  180  13:41  Zealot x5  
  190  13:53  Nexus  
  183  14:08  Dark Templar x2  
  183  14:09  Dark Templar, Zealot x4  
  191  14:19  Zealot x5  
  191  14:26  Probe  
  191  14:29  Warp Prism  
  192  14:33  Zealot x4  
  200  14:52  Stalker x3  
  193  14:53  Stalker x2  
  199  15:01  Nexus  
Show
View Real Time Build Order
Export as new Build Order

Krystianer Protoss 

Build Orders: Phoenix Opening, Blink Stalkers 

Get SALT Encoding   

  12  0:00  Probe  
  13  0:12  Probe  
  14  0:17  Pylon  
  14  0:24  Probe (Chrono Boost)  
  15  0:36  Probe (Chrono Boost)  
  15  0:37  Gateway  
  16  0:44  Probe (Chrono Boost)  
  16  0:46  Assimilator  
  17  0:50  Probe  
  17  0:55  Assimilator  
  18  1:03  Probe (Chrono Boost)  
  19  1:09  Gateway  
  19  1:13  Probe (Chrono Boost)  
  19  1:18  Probe (Chrono Boost)  
  21  1:25  Cybernetics Core  
  21  1:30  Probe  
  22  1:38  Pylon  
  22  1:42  Probe  
  23  2:02  Robotics Facility, Stalker  
  23  2:08  Stalker  
  27  2:13  Pylon  
  27  2:18  Warp Gate  
  27  2:20  Probe  
  28  2:32  Probe  
  29  2:43  Nexus  
  29  2:46  Probe  
  29  2:49  Sentry  
  33  2:58  Probe (Chrono Boost)  
  33  3:03  Twilight Council  
  33  3:10  Probe (Chrono Boost)  
  34  3:13  Stalker  
  34  3:16  Probe (Chrono Boost)  
  37  3:21  Phoenix  
  37  3:24  Probe (Chrono Boost), Pylon  
  39  3:35  Probe (Chrono Boost)  
  39  3:37  Blink (Chrono Boost)  
  39  3:40  Probe (Chrono Boost)  
  40  3:52  Probe  
  40  3:55  Probe  
  40  4:06  Stalker  
  40  4:07  Probe (Chrono Boost), Stalker  
  40  4:08  Probe (Chrono Boost)  
  48  4:17  Probe (Chrono Boost)  
  48  4:19  Probe (Chrono Boost)  
  48  4:22  Probe (Chrono Boost)  
  49  4:28  Probe  
  49  4:33  Probe, Pylon  
  49  4:37  Stalker x2  
  52  4:40  Probe  
  53  4:46  Probe  
  53  4:52  Probe  
  55  4:57  Phoenix  
  53  5:02  Nexus  
  53  5:04  Probe  
  55  5:08  Stalker  
  55  5:09  Stalker  
  55  5:12  Pylon  
  55  5:13  Probe  
  59  5:16  Probe  
  60  5:24  Robotics Facility  
  60  5:25  Probe (Chrono Boost)  
  61  5:32  Stalker  
  61  5:33  Probe (Chrono Boost)  
  61  5:34  Stalker  
  67  5:37  Probe (Chrono Boost)  
  67  5:40  Pylon  
  68  5:42  Probe (Chrono Boost)  
  68  5:43  Probe (Chrono Boost)  
  68  5:46  Shield Battery  
  69  5:51  Probe  
  70  5:58  Probe  
  70  5:59  Adept x2  
  70  6:01  Forge  
  76  6:04  Probe (Chrono Boost)  
  77  6:13  Probe (Chrono Boost)  
  77  6:14  Probe (Chrono Boost)  
  77  6:15  Immortal (Chrono Boost)  
  83  6:19  Stalker  
  83  6:20  Stalker  
  83  6:21  Probe (Chrono Boost)  
  83  6:24  Probe (Chrono Boost)  
  83  6:25  Probe (Chrono Boost)  
  89  6:28  Probe (Chrono Boost)  
  89  6:30  Probe  
  89  6:32  Gateway  
  91  6:34  Probe  
  90  6:40  Probe  
  90  6:42  Probe  
  90  6:46  Protoss Ground Weapons Level 1 (Chrono Boost)  
  88  6:47  Stalker x2  
  88  6:51  Pylon  
  92  6:56  Gateway  
  92  6:58  Observer  
  92  7:00  Gateway  
  93  7:03  Nexus  
  93  7:09  Charge, Pylon, Probe x2  
  93  7:11  Probe  
  96  7:19  Observer  
  96  7:20  Stalker  
  98  7:23  Probe x2 (Chrono Boost)  
  98  7:27  Stalker  
  98  7:36  Probe (Chrono Boost)  
  101  7:38  Probe (Chrono Boost)  
  101  7:39  Gateway  
  101  7:40  Gateway, Probe (Chrono Boost)  
  101  7:41  Probe (Chrono Boost)  
  101  7:42  Gateway  
  102  7:45  Probe  
  102  7:46  Stalker x2  
  102  7:48  Observer  
  102  7:49  Probe  
  102  7:50  Probe  
  109  7:52  Pylon  
  109  7:57  Observer  
  109  7:58  Shield Battery  
  109  8:02  Pylon  
  109  8:03  Pylon  
  109  8:08  Gateway, Photon Cannon  
  109  8:09  Gateway  
  109  8:10  Observer  
  109  8:12  Pylon  
  109  8:15  Photon Cannon  
  109  8:19  Probe x2  
  111  8:23  Probe  
  112  8:27  Warp Prism  
  112  8:29  Zealot x4  
  122  8:34  Protoss Ground Weapons Level 2 (Chrono Boost)  
  122  8:36  Stalker x3  
  122  8:39  Probe  
  126  8:49  Probe  
  126  8:52  Pylon  
  126  8:54  Pylon, Stalker  
  126  9:00  Photon Cannon  
  126  9:01  Zealot x5  
  134  9:04  Stalker  
  134  9:06  Probe (Chrono Boost)  
  134  9:09  Probe x2 (Chrono Boost)  
  138  9:15  Probe (Chrono Boost)  
  138  9:24  Probe x2 (Chrono Boost)  
  141  9:26  Probe (Chrono Boost)  
  141  9:28  Forge  
  141  9:29  Probe (Chrono Boost)  
  141  9:30  Nexus  
  141  9:31  Assimilator, Pylon  
  142  9:34  Probe x2  
  142  9:35  Pylon  
  144  9:44  Zealot x6  
  156  9:50  Zealot x3  
  160  9:57  Zealot  
  160  9:58  Probe  
  161  10:04  Zealot x6  
  172  10:13  Zealot x3  
  175  10:21  Stalker  
  167  10:22  Probe  
  167  10:24  Zealot x5  
  162  10:30  Protoss Ground Weapons Level 3 (Chrono Boost)  
  162  10:31  Pylon  
  162  10:32  Protoss Ground Armor Level 1 (Chrono Boost)  
  162  10:37  Zealot x4  
  170  10:54  Zealot x6  
  180  10:58  Stalker x4  
  180  11:04  Probe  
  185  11:06  Observer  
  185  11:10  Probe  
  181  11:13  Probe  
  181  11:14  Probe  
  181  11:16  Zealot x6  
  195  11:23  Probe  
  192  11:25  Probe  
  192  11:29  Zealot x4  
  190  11:37  Zealot x6, Probe  
  195  11:48  Pylon  
  195  11:50  Probe x2  
  195  11:51  Probe  
  188  11:56  Probe  
  188  11:58  Stalker x6  
  188  12:00  Probe  
  192  12:02  Probe  
  192  12:04  Probe  
  184  12:09  Photon Cannon  
  184  12:10  Observer  
  184  12:12  Probe  
  184  12:15  Probe  
  175  12:17  Probe x2  
  177  12:24  Zealot x7  
  177  12:26  Shield Battery  
  190  12:31  Photon Cannon  
  175  12:50  Photon Cannon  
  171  12:52  Shield Battery  
  171  12:57  Zealot x7  
  183  13:06  Pylon  
  183  13:08  Pylon  
  179  13:17  Probe  
  180  13:22  Stalker  
  180  13:23  Stalker x2  
  153  13:34  Zealot x3  
  159  13:47  Stalker x7  
  144  14:03  Stalker x3  
  134  14:31  Stalker x5  
  143  14:34  Zealot x4  
  148  14:46  Nexus  
  128  14:59  Observer (Chrono Boost)  
  126  15:03  Zealot x3  
Tags
 
Add a new tag
Caveats
  • Supply blocks, unpowered buildings, or Contaminate may cause inaccurate times.
  • Supply counts are checked every 10 seconds.